 Dungeon Crawl Stone Soup version bcrawl-1.36.4 (webtiles) character file.

Game seed: 13915439378844561237

275168 jojo4K the Cleaver (level 9, -4/105 HPs)
             Began as a Minotaur Berserker on Aug 17, 2022.
             Was an Elder of Trog.
             Slain by a skeletal warrior
             ... wielding a +0 short sword
             ... led by a skeletal warrior
              (12 damage)
             ... on level 8 of the Dungeon on Aug 18, 2022.
             The game lasted 00:10:32 (6578 turns).

jojo4K the Cleaver (Minotaur Berserker)             Turns: 6578, Time: 00:10:33

Health: -4/105     AC: 16    Str: 29    XL:     9   Next: 38%
Magic:  17/17      EV: 12    Int:  4    God:    Trog [****..]
Gold:   628        SH:  0    Dex: 11    Spells: 8/8 levels left

rFire    . . .     SeeInvis .   a - +0 hand axe
rCold    + . .     Gourm    .   (no shield)
rNeg     . . .     Faith    .   h - +4 chain mail {rC+}
rPois    .         Spirit   .   (helmet restricted)
rElec    .         Reflect  .   (no cloak)
rCorr    .                      (no gloves)
MR       +++..                  s - +0 pair of boots
Stlth    ..........             D - amulet of magic regeneration
HPRegen  1.47/turn              y - ring of magical power
MPRegen  0.35/turn              (no ring)

@: berserking, regenerating, very quick
A: retaliatory headbutt, horns 2
a: Berserk, Trog's Hand, Brothers in Arms, Renounce Religion


You were on level 8 of the Dungeon.
You worshipped Trog.
Trog was greatly pleased with you.
You were hungry.

You visited 2 branches of the dungeon, and saw 9 of its levels.

You collected 628 gold pieces.

Inventory:

Hand Weapons
 a - a +0 hand axe (weapon)
Missiles
 m - a throwing net {=f}
Armour
 b - a +0 animal skin
 g - a +0 scale mail
 h - a +4 chain mail of cold resistance (worn)
 s - a +0 pair of boots (worn)
Jewellery
 c - an uncursed ring of teleportation
 y - a ring of magical power (left hand)
 D - an amulet of magic regeneration (around neck)
 F - an uncursed amulet of the gourmand {unknown}
Wands
 C - a wand of scattershot (5)
 E - a wand of charming (6)
Scrolls
 f - a scroll of enchant armour {unknown}
 i - 14 scrolls of identify
 n - a scroll of immolation {unknown}
 o - 4 scrolls of remove curse
 p - a scroll of magic mapping {unknown}
 q - 3 scrolls of teleportation {unknown}
 t - 2 scrolls of blinking
 v - a scroll of fog {unknown}
 w - a scroll of fear {unknown}
 B - 2 scrolls of amnesia {unknown}
Potions
 d - a potion of berserk rage {unknown}
 j - 2 potions of mutation {unknown}
 k - a potion of heal wounds {unknown}
 l - 3 potions of agility {unknown}
 r - a potion of brilliance {unknown}
 u - a potion of invisibility {unknown}
 x - 2 potions of curing {unknown}
 z - a potion of might {unknown}
 A - 2 potions of lignification {unknown}
Comestibles
 e - 15 rations {!d}


   Skills:
 - Level 3.6 Fighting
 + Level 10.9 Axes
 * Level 8.4 Armour
 * Level 7.6 Dodging


You had 8 spell levels left.
You didn't know any spells.
Your spell library was empty.

Dungeon Overview and Level Annotations

Branches:
Dungeon (8/12)             Temple (1/1) D:7
   Lair: D:7-9          Orc: D:8-11

Altars:
Ashenzari
Cheibriados
Dithmenos
Elyvilon
Fedhas
Gozag
Kikubaaqudgha
Lugonu
Makhleb
Nemelex Xobeh
Okawaru
Qazlal
Ru
Sif Muna
Trog
Uskayaw
Vehumet
Wu Jian
Xom
Yredelemnul
Zin
The Shining One

Annotations:
D:5 1 runed door


Innate Abilities, Weirdness & Mutations

You reflexively headbutt those who attack you in melee.
You have a pair of horns on your head.


Message History

You are struck by the porcupine's spines.
You closely miss the porcupine.
You hit the skeletal warrior but do no damage. x2
The porcupine closely misses you. You furiously retaliate!
You headbutt the porcupine!
You kill the porcupine!
Trog accepts your kill.
You barely miss the skeletal warrior. You hit the skeletal warrior. x2
The skeletal warrior hits you with a +0 short sword!
The skeletal warrior hits you with a +0 long sword!
* * * LOW HITPOINT WARNING * * *
The skeletal warrior hits you with a +0 war axe!
* * * LOW HITPOINT WARNING * * *
You slash the skeletal warrior!
Your headbutt misses the skeletal warrior.
The skeletal warrior is lightly damaged.
You hit the skeletal warrior but do no damage.
You hit the skeletal warrior.
The skeletal warrior hits you with a +0 short sword!
You die...

#############
............### ########
..............# #.......
..............# #.######
......zz......# #....#
......z@..$...######.###
........................
..".........########.###
............... #.#
............### #.###
............). #....
............#.# ########
............#.# #.......
#.######


You could see 3 skeletal warriors.

Vanquished Creatures
  Pikel (D:5)
  Eustachio (D:6)
  A hungry ghost (D:4)
  Edmund (D:6)
  Menkaure (D:5)
  A porcupine (D:8)
  An orc warrior (D:8)
  2 sky beasts
  A phantom (D:6)
  An ogre (D:4)
  2 bullfrogs
  2 centaurs (D:6)
  A water moccasin zombie (D:7)
  2 lava snakes (D:7)
  A bullfrog zombie (D:6)
  A crimson imp (D:5)
  A quasit (D:7)
  A bullfrog skeleton (D:7)
  2 jellies
  2 hounds
  Terence (D:2)
  7 orc wizards
  5 worker ants
  4 adders
  8 gnolls
  2 oozes
  3 adder skeletons
  A leopard gecko (D:3)
  11 orcs
  5 giant cockroaches
  5 goblins
  8 hobgoblins
  17 jackals
  10 kobolds
  4 quokkas
  5 bats
  7 frilled lizards
  A quokka skeleton (D:4)
  4 rats
  A plant (D:3)
135 creatures vanquished.

Vanquished Creatures (others)
  A worker ant (D:5)
  11 fungi (D:8)
12 creatures vanquished.

Grand Total: 147 creatures vanquished

Notes
Turn   | Place    | Note
-------+----------+-------------------------------------------
     0 | D:1      | jojo4K the Minotaur Berserker began the quest for the Orb.
     0 | D:1      | Reached XP level 1. HP: 19/19 MP: 0/0
   206 | D:1      | Reached skill level 4 in Axes
   252 | D:1      | Reached XP level 2. HP: 21/26 MP: 1/1
  1085 | D:2      | Reached skill level 5 in Axes
  1090 | D:2      | Reached XP level 3. HP: 30/31 MP: 2/2
  1161 | D:2      | Reached ** piety under Trog
  1515 | D:2      | Noticed Terence
  1527 | D:2      | Killed Terence
  1528 | D:2      | Reached skill level 6 in Axes
  1528 | D:2      | Reached XP level 4. HP: 33/39 MP: 3/3
  1882 | D:3      | Reached XP level 5. HP: 45/45 MP: 4/4
  1883 | D:3      | Reached skill level 7 in Axes
  2093 | D:3      | Reached *** piety under Trog
  2207 | D:3      | Reached skill level 8 in Axes
  2228 | D:3      | Reached XP level 6. HP: 42/51 MP: 5/5
  2394 | D:3      | Found an ornate altar of the Wu Jian Council.
  2701 | D:4      | Noticed a hungry ghost
  2721 | D:4      | Killed a hungry ghost
  2722 | D:4      | Reached skill level 9 in Axes
  3390 | D:5      | Entered Level 5 of the Dungeon
  3507 | D:5      | Found a runed door.
  3609 | D:5      | Noticed a slave
  3610 | D:5      | Noticed a slave
  3610 | D:5      | Noticed a slave
  3611 | D:5      | Noticed Pikel
  3612 | D:5      | Noticed a slave
  3616 | D:5      | Killed Pikel
  3617 | D:5      | Reached XP level 7. HP: 57/57 MP: 6/6
  3681 | D:5      | Reached skill level 5 in Armour
  3681 | D:5      | Reached XP level 8. HP: 63/64 MP: 7/7
  3693 | D:5      | Reached skill level 10 in Axes
  3734 | D:5      | Noticed Menkaure
  3744 | D:5      | Killed Menkaure
  3745 | D:5      | Reached skill level 5 in Dodging
  4100 | D:6      | Noticed Eustachio
  4124 | D:6      | Killed Eustachio
  4370 | D:6      | Noticed Edmund
  4389 | D:6      | Killed Edmund
  4443 | D:6      | Reached **** piety under Trog
  5080 | D:6      | Found an ancient bone altar of Kikubaaqudgha.
  5364 | D:7      | Reached XP level 9. HP: 57/70 MP: 8/8
  5905 | D:7      | Found a staircase to the Ecumenical Temple.
  6127 | Temple   | Entered the Ecumenical Temple
  6568 | D:8      | Noticed a skeletal warrior
  6570 | D:8      | Noticed a skeletal warrior
  6571 | D:8      | Noticed a skeletal warrior
  6578 | D:8      | Slain by a skeletal warrior

Skill      XL: |  1  2  3  4  5  6  7  8  9 |
---------------+----------------------------+-----
Axes           | 4 5 6 8 9 10 | 10.9
Armour         | 4 5 7 8 |  8.4
Dodging        | 4 6 7 |  7.6
Fighting       | |  3.6

Action                   |  1- 3 |  4- 6 |  7- 9 || total
-------------------------+-------+-------+-------++-------
Melee: Hand axe          |    78 |   127 |   240 ||   445
       Headbutt          |    15 |    29 |    55 ||    99
Invok: Berserk           |       |     3 |     2 ||     5
       Trog's Hand       |       |       |     1 ||     1
  Use: Scroll            |     3 |       |       ||     3
  Eat: Chunk             |     3 |     3 |     9 ||    15
       Ration            |       |     4 |     2 ||     6
Armor: Animal skin       |     6 |       |       ||     6
       Scale mail        |    20 |       |       ||    20
       Chain mail        |       |    90 |    99 ||   189
Dodge: Dodged            |    44 |    65 |    63 ||   172
